 Dungeon Crawl Stone Soup version 0.24.0-123-gd5b16e6ec5 (webtiles) character file.

Game seed: 8506812726902177402, levelgen mode: deterministic

215 Napalmbreeze the Ruffian (level 5, 0/46 HPs)
             Began as a Ghoul Gladiator on Jan 19, 2020.
             Slain by Purgy (3 damage)
             ... in a sewer.
             The game lasted 00:05:34 (2329 turns).

Napalmbreeze the Ruffian (Ghoul Gladiator)          Turns: 2329, Time: 00:05:35

Health: 0/46       AC:  4    Str: 19    XL:     5   Next: 92%
Magic:  4/4        EV: 12    Int:  3    God:
Gold:   98         SH:  0    Dex: 10    Spells: 4/4 levels left

rFire    . . .     SeeInvis .     - Unarmed
rCold    + . .     Gourm    .   (no shield)
rNeg     + + +     Faith    .   a - +0 leather armour
rPois    ∞         Spirit   .   b - +0 helmet
rElec    .         Reflect  .   (no cloak)
rCorr    .         Harm     .   (no gloves)
MR       .....                  (no boots)
Stlth    +.........             (no amulet)
HPRegen  0.00/turn              (no ring)
MPRegen  0.09/turn              (no ring)

@: rotting
A: rotting body, claws 1, carnivore, cold resistance 1, negative energy
resistance 3, inhibited regeneration, torment resistance, unbreathing
a: no special abilities


You were in a sewer.
You were not hungry.

You visited 1 branch of the dungeon, and saw 3 of its levels.
You also visited: Sewer.

You collected 98 gold pieces.

Inventory:

Missiles
 c - 3 throwing nets (quivered)
Armour
 a - a +0 leather armour (worn)
 b - a +0 helmet (worn)
 h - a +0 buckler
Jewellery
 e - an uncursed ring of poison resistance {unknown}
 i - an uncursed amulet of guardian spirit {unknown}
Scrolls
 n - 3 scrolls of teleportation
 o - 2 scrolls of identify
 q - a scroll of amnesia {unknown}
Potions
 j - a potion of magic {unknown}
 k - a potion of mutation {unknown}
 l - a potion of flight {unknown}
 m - 3 potions of cancellation
 p - a potion of curing {unknown}
 r - a potion of degeneration {unknown}
Comestibles
 d - 6 rations


   Skills:
 + Level 3.8 Fighting
 - Level 1.7 Throwing
 - Level 3.6 Dodging
 * Level 2.2 Shields
 + Level 4.6 Unarmed Combat


You had 4 spell levels left.
You didn't know any spells.
Your spell library was empty.

Dungeon Overview and Level Annotations

Branches:
Dungeon (3/15)              Sewer (1/1)

Altars:
Nemelex Xobeh
Wu Jian

Annotations:
Sewer Purgy


Innate Abilities, Weirdness & Mutations

Your body is rotting away.
You thrive on raw meat.
You are immune to poison.
You have sharp fingernails.
You are carnivorous and can eat meat at any time.
Your flesh is cold resistant. (rC+)
You are immune to negative energy. (rN+++)
You do not regenerate when monsters are visible.
You are immune to unholy pain and torment.
You can survive without breathing.


Message History

Purgy claws you but does no damage.
Eat a chunk of flesh? (ye/n/q)
You eat the chunk of flesh.
This raw flesh tastes great!
Purgy bites you!
* * * LOW HITPOINT WARNING * * *
Purgy misses you. x2
Unknown command.
Unknown command.
You closely miss Purgy.
Purgy is heavily wounded.
Purgy closely misses you. Purgy claws you but does no damage. Purgy claws you.
* * * LOW HITPOINT WARNING * * *
You claw Purgy!
Purgy is severely wounded.
Purgy barely misses you. Purgy claws you but does no damage. Purgy claws you.
* * * LOW HITPOINT WARNING * * *
Unknown command.
Okay, then.
Unknown command.
It was a potion of cancellation.
You feel magically purged. Purgy bites you.
You die...

#≈≈≈# #≈≈≈#
#≈≈≈#
##########
#(.'.≈≈≈.+
####.≈≈≈.#
####.≈≈≈.####
#..'.≈≈≈.T.%#
####.≈≈≈@#
####.≈≈≈.####
#(.÷.≈≈≈.'..#
####.≈≈≈.####
####.≈≈≈.####
#..'..∩....∩#
####.≈≈≈.####
####.≈≈≈.####
#..'.≈≈≈.'..#


You could see Purgy.

Vanquished Creatures
  An orc priest (D:2)
  Natasha (D:3)
  Robin (D:2)
  6 adders (D:2)
  A worm (D:2)
  3 dart slugs (D:1)
  A leopard gecko (D:3)
  4 giant cockroaches
  16 goblins
  12 hobgoblins
  A jackal (D:2)
  2 ball pythons (D:3)
  10 bats
  3 frilled lizards
  11 kobolds
  9 rats
82 creatures vanquished.

Vanquished Creatures (others)
  A rat (D:2)
1 creature vanquished.

Grand Total: 83 creatures vanquished

Notes
Turn   | Place    | Note
-------+----------+-------------------------------------------
     0 | D:1      | Napalmbreeze the Ghoul Gladiator began the quest for the
                  | Orb.
     0 | D:1      | Reached XP level 1. HP: 17/17 MP: 0/0
   175 | D:1      | Reached XP level 2. HP: 20/25 MP: 1/1
   356 | D:1      | Reached XP level 3. HP: 20/30 MP: 2/2
   876 | D:2      | Found a sparkling altar of Nemelex Xobeh.
   919 | D:2      | Reached skill level 4 in Unarmed Combat
   919 | D:2      | Reached XP level 4. HP: 37/38 MP: 3/3
   931 | D:2      | Reached skill level 1 in Shields
  1380 | D:2      | Reached XP level 5. HP: 42/45 MP: 4/4
  1673 | D:2      | Found an ornate altar of the Wu Jian Council.
  1804 | D:3      | Found a glowing drain.
  1808 | D:3      | Noticed Robin
  1812 | D:3      | Noticed Natasha
  2050 | D:2      | Killed Robin
  2058 | D:3      | Killed Natasha
  2084 | Sewer    | Entered a sewer
  2315 | Sewer    | Noticed Purgy
  2329 | Sewer    | Slain by Purgy

Levels and vault maps discovered:
D:1:      minmay_arrival_semitransparent, layout_rooms, st_stairs_11,
          minmay_misc_feat_nine_boxes
D:2:      minmay_thinvault, layout_loops_ring, marbit_many_paths,
          nemelex_xobeh_ov_fountains_minmay
D:3:      layout_loops_ring, portal_sewer_entry_a, nicolae_ru_awakened_eye,
          uniq_jessica, uniq_natasha, uniq_robin, uniq_terence
Sewer:    kennysheep_door_sewer

Skill      XL: |  1  2  3  4  5 |
---------------+----------------+-----
Dodging        | 3 |  3.6
Fighting       | 3 |  3.8
Unarmed Combat | 4 |  4.6
Shields        | 1 2 |  2.2
Throwing       | |  1.7

Action                   |  1- 3 |  4- 6 || total
-------------------------+-------+-------++-------
Melee: Unarmed           |   113 |   152 ||   265
       Punch             |     2 |     2 ||     4
  Use: Scroll            |       |     3 ||     3
       Potion            |       |     1 ||     1
 Stab: Sleeping          |     1 |       ||     1
  Eat: Chunk             |     7 |    14 ||    21
Armor: Leather armour    |    41 |    49 ||    90
Dodge: Dodged            |    72 |   110 ||   182
